 Dungeon Crawl Stone Soup version 0.28-a0-706-gf6f64a616a (webtiles) character file.

Game seed: 6397573521333076157

12118 lawman0 the Destroyer (level 11, -8/78 HPs)
             Began as a Palentonga Earth Elementalist on Oct 25, 2021.
             Was an Elder of Vehumet.
             Mangled by an eight-headed hydra (10 damage)
             ... on level 12 of the Dungeon.
             The game lasted 00:26:24 (14492 turns).

lawman0 the Destroyer (PaEE)                       Turns: 14492, Time: 00:26:25

Health: -8/78      AC: 21    Str: 12    XL:     11   Next: 58%
Magic:  32/32      EV:  7    Int: 21    God:    Vehumet [****..]
Gold:   1164       SH:  3    Dex: 11    Spells: 11/26 levels left

rFire   . . .      SeeInvis +   l - +2 spear (vamp)
rCold   + . .      Faith    .   r - +0 buckler
rNeg    . . .      Spirit   .   w - +6 scale mail "Feun" {Int+3}
rPois   .          Reflect  .   j - +1 hat
rElec   .          Harm     .   i - +0 cloak
rCorr   .          Rampage  .   (no gloves)
Will    .....                   (no barding)
Stlth   +.........              (no amulet)
HPRegen 0.23/turn               g - ring of protection from cold
MPRegen 0.23/turn               A - ring of magical power

@: curled up
A: large, rugged brown scales 3, see invisible, deformed body, roll 1, armoured
tail, reflexive curl
a: Rolling Charge, Renounce Religion


You were on level 12 of the Dungeon.
You worshipped Vehumet.
Vehumet was greatly pleased with you.
You visited 1 branch of the dungeon, and saw 12 of its levels.

You collected 1164 gold pieces.

Inventory:

Hand Weapons
 l - a +2 vampiric spear (weapon)
Missiles
 q - 170 stones
 t - a throwing net
Armour
 d - a +2 kite shield
 i - a +0 cloak (worn)
 j - a +1 hat (worn)
 r - a +0 buckler (worn)
 w - the +6 scale mail "Feun" (worn) {Int+3}
   (You found it on level 9 of the Dungeon)

   Int:       It affects your intelligence (+3).
Jewellery
 g - a ring of protection from cold (left hand)
 n - a ring of fire
 A - a ring of magical power (right hand)
Wands
 b - a wand of iceblast (16)
 k - a wand of flame (6)
 y - a wand of digging (5)
Scrolls
 a - a scroll of enchant weapon
 h - 2 scrolls of amnesia
 s - a scroll of silence
Potions
 e - a potion of magic
 f - 4 potions of curing
 m - 2 potions of flight
 o - 3 potions of might
 p - a potion of lignification {unknown}
 u - 4 potions of cancellation
 v - 2 potions of degeneration {unknown}
 z - a potion of haste


   Skills:
 + Level 2.3 Fighting
 + Level 1.4 Armour
 + Level 3.0 Dodging
 + Level 2.3 Stealth
 * Level 1.0 Shields
 + Level 8.4 Spellcasting
 * Level 9.2 Conjurations
 + Level 1.2 Transmutations
 + Level 1.5 Fire Magic
 * Level 4.5 Ice Magic
 + Level 0.3 Air Magic
 + Level 9.1 Earth Magic
 + Level 2.8 Evocations


You had 11 spell levels left.
You knew the following spells:

 Your Spells              Type           Power      Damage    Failure   Level
a - Sandblast             Erth           94%        2d19      1%          1
b - Passwall              Tmut/Erth      25%        N/A       10%         2
c - Stone Arrow           Conj/Erth      94%        3d12      1%          3
d - Shock                 Conj/Air       100%       1d9       2%          1
e - Lee's Rapid Deconstr  Erth           23%        3d14*     10%         5
f - Frozen Ramparts       Ice            54%        1d7       7%          3

Your spell library contained the following spells:

 Spells                   Type           Power      Damage    Failure   Level
 Foxfire                  Conj/Fire      100%       2x1d9     1%          1
 Petrify                  Tmut/Erth      30%        N/A       54%         4


Dungeon Overview and Level Annotations

Branches:
Dungeon (12/15)            Temple (0/1) D:7            Lair (0/6) D:8
    Orc (0/2) D:11

Altars:
Dithmenos
Elyvilon
Gozag
Hepliaklqana
Okawaru
Qazlal
Vehumet
Wu Jian
Xom
Zin
The Shining One
Beogh

Shops:
D:10 [   D:11 (

Portals:
Gauntlet: D:12

Annotations:
D:12 Josephine


Innate Abilities, Weirdness & Mutations

You are completely covered in rugged brown scales. (AC +3, +7% HP)
You have supernaturally acute eyesight. (SInv)
Armour fits poorly on your strangely shaped body.
You can roll at nearby foes to attack.
You have a long armoured tail.
You curl defensively after being hit.


Message History

The eight-headed hydra bites you but does no damage.
The eight-headed hydra closely misses you.
The eight-headed hydra barely misses you.
You block the eight-headed hydra's attack.
The eight-headed hydra bites you but does no damage. x3
Unknown command.
Unknown command.
Your troll bites the wraith but does no damage.
Your troll claws the wraith.
Your troll claws the wraith!
Your orc wizard barely misses the wraith.
The wraith hits you. The wraith hits you!
* * * LOW HITPOINT WARNING * * *
The wraith drains your vigour!
You feel as though you will be slow longer.
The eight-headed hydra bites you but does no damage.
The eight-headed hydra bites you.
* * * LOW HITPOINT WARNING * * *
The eight-headed hydra bites you.
* * * LOW HITPOINT WARNING * * *
The eight-headed hydra bites you.
* * * LOW HITPOINT WARNING * * *
The eight-headed hydra bites you!
* * * LOW HITPOINT WARNING * * *
The eight-headed hydra bites you but does no damage. x2
The eight-headed hydra bites you.
* * * LOW HITPOINT WARNING * * *
Unknown command.
Unknown command.
It was a potion of cancellation.
Your magical effects are unravelling.
You feel magically purged.
You feel yourself speed up.
The wraith barely misses your orc wizard.
Your orc hits the wraith but does no damage.
Your troll bites the wraith!
Your troll barely misses the wraith.
Your troll closely misses the wraith.
Your orc wizard hits the wraith with a +0 dagger.
The wraith hits your troll but does no damage.
The eight-headed hydra bites you!
You die...

# ##...........# #.
#.............
#.#.............
#.#....!$......
##............#
##.....WW=......
##...#o##W∩......
#....##W#D@W.....
##.....ooW@.......
##......o.T........
#......####........
#.........#........
##..................
#..##.........?##...
##.#.........#.# ...
#.<........##.# ..
#............


You could see an eight-headed hydra (ally target), Josephine, 6 wraiths, a
friendly troll (summoned), 3 friendly orc wizards and a friendly orc (summoned).

Vanquished Creatures
  4 two-headed ogres
  3 skeletal warriors (D:11)
  3 centaur zombies
  Joseph (D:7)
  3 trolls
  A hornet (D:10)
  Prince Ribbit (D:7)
  2 shadows
  A yak (D:8)
  2 steam dragons
  3 wyverns
  A vampire mosquito (D:11)
  Edmund (D:6)
  An acid dragon (D:10)
  5 water moccasins
  Duvessa (D:7)
  6 orc warriors
  2 ice beasts (D:7)
  8 centaurs
  A phantom (D:5)
  2 kobold brigands
  3 bullfrogs
  6 scorpions
  A gnoll sergeant (D:11)
  A wyvern zombie (D:8)
  Dowan (D:7)
  A wyvern skeleton (D:7)
  5 killer bees (D:8)
  A howler monkey (D:6)
  A bullfrog zombie (D:6)
  2 hounds (D:5)
  3 jellies
  7 orc priests
  A centaur skeleton (D:5)
  4 iguanas
  10 orc wizards
  A killer bee zombie (D:8)
  A howler monkey zombie (D:10)
  Robin (D:2)
  10 gnolls
  A howler monkey skeleton (D:5)
  4 adders
  A shadow imp (D:7)
  2 white imps
  3 ufetubi
  An adder skeleton (D:4)
  4 worms
  3 dart slugs
  42 orcs
  7 endoplasms
  A giant cockroach (D:1)
  10 goblins
  10 hobgoblins
  6 jackals (D:4)
  17 kobolds
  7 quokkas
  4 ball pythons
  4 bats
  A frilled lizard (D:2)
  2 rats
242 creatures vanquished.

Vanquished Creatures (others)
  58 foxfires
  45 fungi (D:8)
  40 plants (D:8)
  4 toadstools (D:1)
147 creatures vanquished.

Grand Total: 389 creatures vanquished

Notes
Turn   | Place    | Note
-------+----------+-------------------------------------------
     0 | D:1      | lawman0 the Palentonga Earth Elementalist began the quest
                  | for the Orb.
     0 | D:1      | Reached XP level 1. HP: 13/13 MP: 3/3
   161 | D:1      | Reached XP level 2. HP: 17/20 MP: 0/5
   594 | D:1      | Learned a level 2 spell: Passwall
  1247 | D:2      | Reached XP level 3. HP: 25/25 MP: 3/6
  1355 | D:2      | Found a radiant altar of Vehumet.
  1360 | D:2      | Became a worshipper of Vehumet
  1361 | D:2      | daddy veh
  1529 | D:2      | Learned a level 3 spell: Stone Arrow
  1548 | D:2      | Reached XP level 4. HP: 32/32 MP: 3/7
  2252 | D:2      | Noticed Robin
  2378 | D:2      | Killed Robin
  2586 | D:3      | Found a glowing golden altar of the Shining One.
  3030 | D:3      | Found a faded altar of an unknown god.
  3053 | D:3      | Reached * piety under Vehumet
  3053 | D:3      | Offered knowledge of Shock by Vehumet.
  3056 | D:3      | Learned a level 1 spell: Shock
  3293 | D:3      | Reached XP level 5. HP: 37/37 MP: 3/9
  3445 | D:4      | Found a glowing silver altar of Zin.
  3888 | D:4      | Noticed a steam dragon
  3921 | D:4      | Killed a steam dragon
  3922 | D:4      | Reached skill level 1 in Conjurations
  3922 | D:4      | Reached skill level 5 in Earth Magic
  3922 | D:4      | Reached XP level 6. HP: 5/43 MP: 0/10
  4646 | D:5      | Entered Level 5 of the Dungeon
  5091 | D:5      | Gained mutation: You curl defensively after being hit.
                  | [Palentonga growth]
  5091 | D:5      | Reached XP level 7. HP: 50/50 MP: 3/12
  5427 | D:5      | Reached skill level 1 in Fighting
  5751 | D:5      | Found a shadowy altar of Dithmenos.
  6023 | D:6      | Reached skill level 1 in Evocations
  6098 | D:6      | Reached XP level 8. HP: 24/57 MP: 10/14
  6104 | D:6      | Noticed Edmund
  6118 | D:6      | Reached ** piety under Vehumet
  6118 | D:6      | Offered knowledge of Foxfire by Vehumet.
  6123 | D:6      | Learned a level 1 spell: Foxfire
  6207 | D:6      | Killed Edmund
  6356 | D:6      | Reached skill level 5 in Spellcasting
  6562 | D:6      | Found a shimmering altar of Xom.
  6564 | D:6      | Found a stormy altar of Qazlal.
  7084 | D:7      | Noticed Duvessa
  7084 | D:7      | Noticed Dowan
  7093 | D:7      | Killed Duvessa
  7097 | D:7      | Killed Dowan
  7165 | D:7      | Found a staircase to the Ecumenical Temple.
  7233 | D:7      | Reached skill level 5 in Conjurations
  7233 | D:7      | Reached XP level 9. HP: 63/63 MP: 10/17
  7299 | D:7      | Noticed Prince Ribbit
  7301 | D:7      | Offered knowledge of Frozen Ramparts by Vehumet.
  7306 | D:7      | Learned a level 3 spell: Frozen Ramparts
  7310 | D:7      | Killed Prince Ribbit
  7616 | D:7      | Reached skill level 1 in Fire Magic
  7720 | D:7      | Noticed Joseph
  7732 | D:7      | Killed Joseph
  7733 | D:7      | Reached skill level 1 in Ice Magic
  8079 | D:7      | Found a white marble altar of Elyvilon.
  8501 | D:8      | Found an ornate altar of the Wu Jian Council.
  8716 | D:8      | Reached *** piety under Vehumet
  8809 | D:8      | Noticed a two-headed ogre
  8815 | D:8      | Killed a two-headed ogre
  8816 | D:8      | Reached XP level 10. HP: 69/69 MP: 6/20
  9221 | D:8      | Offered knowledge of Flame Wave by Vehumet.
  9560 | D:8      | Found a staircase to the Lair.
  9727 | D:8      | Identified a scroll of acquirement
  9728 | D:8      | Acquired 591 gold pieces
  9926 | D:9      | Identified the +6 scale mail "Feun" {Int+3}
  9928 | D:9      | sick
 10134 | D:9      | Noticed a two-headed ogre
 10139 | D:9      | Killed a two-headed ogre
 10847 | D:9      | Found a hazy altar of Hepliaklqana.
 10879 | D:9      | Found an iron altar of Okawaru.
 10987 | D:9      | Noticed a two-headed ogre
 11054 | D:9      | Killed a two-headed ogre
 11561 | D:10     | Entered Level 10 of the Dungeon
 11691 | D:10     | Found Kixkoota's Antique Armour Boutique.
 11694 | D:10     | Identified the +1 chain mail of the Gate {Drain rPois Dex+3
                  | Slay+2}
 11699 | D:10     | yes
 11699 | D:10     | YES
 11851 | D:10     | You fall into a shaft and drop 1 floor!
 11851 | D:11     | Noticed a skeletal warrior
 11851 | D:11     | Noticed a skeletal warrior
 11851 | D:11     | Noticed a skeletal warrior
 11907 | D:10     | Reached XP level 11. HP: 74/77 MP: 14/22
 11985 | D:10     | Noticed a two-headed ogre
 11995 | D:10     | Killed a two-headed ogre
 12558 | D:10     | Reached skill level 1 in Armour
 13232 | D:11     | Noticed a six-headed hydra
 13286 | D:11     | Found Wasseq's Weapon Shop.
 13296 | D:11     | Reached **** piety under Vehumet
 13547 | D:11     | Offered knowledge of Lee's Rapid Deconstruction by Vehumet.
 13554 | D:11     | Learned a level 5 spell: Lee's Rapid Deconstruction
 13554 | D:11     | SLAM
 13759 | D:11     | Killed a skeletal warrior
 13961 | D:11     | Found a staircase to the Orcish Mines.
 14125 | D:11     | Killed a skeletal warrior
 14210 | D:11     | Killed a skeletal warrior
 14211 | D:11     | Reached skill level 1 in Shields
 14401 | D:12     | Found an opulent altar of Gozag.
 14473 | D:12     | Noticed an eight-headed hydra
 14477 | D:12     | Found a gate leading to a gauntlet.
 14479 | D:12     | Noticed Josephine
 14491 | D:12     | HP: 1/78 [eight-headed hydra (4)]
 14492 | D:12     | Mangled by an eight-headed hydra

Illustrated notes #....##....... .....r..###....##....... .........##....########. .....(...##....# #. .K......##....# #. =.....##....# #. . #.....#....# #. ....#.....#....## #. .......@..'.....# ## ..........#.....# ..........#####.######## ..........# #.#......# ..........# #.#......# $.........# #.#......# J...###...# #.#...†... .... #...# ###.#......# #...# #.....###### Turn 1361 on D:2: daddy veh

#........,,,,,,,,,,,*,,,
#.......#****,,,,,,,*,,,
#.......# *,,,,,,,*,,,
#|......# *,,,,,,,*,,,
#.......# *,.,,,,,*,,,
#...<...#####..,,,,,*,,,
#...........<..,,,,,****
***##..............,,,,,,,,,
*..........@.....#******,,,,
*........#####...# *,,,,
*........+,,,*,..# *,,,,
*#######)#,,,*,,,* *,,,,
#.#,,,*,,,* ***,,
#.#,,,*,,,* *,, #.*,,,*,,,*
*,, *,**+**,,,* ****,,
*,,,,,,,,,* *,,,,,


Turn 9928 on D:9: sick .# .# .# ####.# ##≈≈≈.# #≈≈≈≈≈# #≈≈@≈≈# #≈≈.≈≈# ##≈.≈.#
##..#.#### #..[.....# #........### #.......... #........## #........# Turn 11699
on D:10: yes * * ############ **####********* #####..........####.....,,,,,*,,+
#..............#@.'.....,,,,,+,** ..###.....)....#.##)....,,,,,**** ###
#..).........#*,,...,,,,,* * #..........###**+**#****** * ###.######## *,******
* #.# *,,,,,,* * ##.# ******,*** * #..# *,,,* * ####.###### #########.## * Turn
13554 on D:11: SLAM

Levels and vault maps discovered:
D:1:      ldierk_walled_garden_2, layout_basic
D:2:      layout_basic, basic_altar, chequers_serial_rivers_small_b, uniq_robin
D:3:      layout_loops_ring, nicolae_overflow_crystal_walls,
          hellmonk_ecumenical_altar_defaced_shrine, minmay_misc_feat_nine_boxes
D:4:      layout_gridville, mainiacjoe_overflow_small_starburst
D:5:      layout_basic, mainiacjoe_overflow_alcove_1
D:6:      layout_cave_pools, gammafunk_temple_overflow_pools, uniq_edmund
D:7:      layout_loops_ring, elyvilon_altar_3, minmay_temple_entry_trees,
          uniq_prince_ribbit1, uniq_duvessa, uniq_joseph
D:8:      layout_cave_pools, mainiacjoe_overflow_concentric_impassable,
          due_lair_maze_entry_diamond, minmay_misc_feat_enclosed, st_stairs_13
D:9:      layout_irregular_city, okawaru_trees_1, lemuel_tele_altar,
          grunt_ministairs_13
D:10:     layout_roguey, serial_shops, nicolae_shop_waterfront
D:11:     layout_roguey, hiddenorc1_lemuel, serial_shops,
          nicolae_take_the_stairs
D:12:     layout_cave_pools, gauntlet_entry_generic,
          portal_ice_cave_entry_animals_and_master, hangedman_feature_mirror,
          uniq_josephine

Skill      XL: |  1  2  3  4  5  6  7  8  9 10 11 |
---------------+----------------------------------+-----
Earth Magic    | 3 4 5 6 7 8 9 |  9.1
Spellcasting   | 3 4 5 6 7 8 |  8.4
Conjurations   | 1 3 5 6 8 9 |  9.2
Dodging        | 2 3 |  3.0
Fighting       | 1 2 |  2.3
Evocations     | 1 2 |  2.8
Fire Magic     | 1 |  1.5
Ice Magic      | 2 3 4 |  4.5
Stealth        | 2 |  2.3
Armour         | 1 |  1.4
Shields        | 1 |  1.0
Transmutations | |  1.2
Air Magic      | |  0.3

Action                   |  1- 3 |  4- 6 |  7- 9 | 10-12 || total
-------------------------+-------+-------+-------+-------++-------
Melee: Dagger            |    17 |       |       |       ||    17
       Mace              |    11 |    23 |       |       ||    34
       Spear             |       |    14 |    19 |    18 ||    51
       Tailslap          |       |     1 |     2 |     1 ||     4
 Cast: Sandblast         |    55 |    72 |    17 |    23 ||   167
       Passwall          |     1 |       |       |       ||     1
       Stone Arrow       |     1 |    16 |    87 |   149 ||   253
       Shock             |       |     3 |       |     2 ||     5
       Foxfire           |       |       |    32 |     7 ||    39
       Frozen Ramparts   |       |       |     1 |     1 ||     2
       Lee's Rapid Decon |       |       |       |     8 ||     8
 Abil: Rolling Charge    |     1 |       |     4 |       ||     5
Evoke: Wand              |       |     4 |    22 |    10 ||    36
  Use: Potion            |       |     1 |     1 |     3 ||     5
       Scroll            |       |       |     5 |    14 ||    19
Armor: Robe              |    11 |    35 |    27 |     8 ||    81
       Scale mail        |       |       |       |    58 ||    58
Dodge: Dodged            |    27 |    45 |    48 |    56 ||   176
Block: Buckler           |       |       |       |     4 ||     4

Table legend: (Time is in decaauts)
 A = Elapsed time spent in this place.
 B = Non-inter-level travel time spent in this place.
 C = Inter-level travel time spent in this place.
 D = Time resting spent in this place.
 E = Time spent auto-exploring this place.
 F = Levels seen in this place.
 G = Mean time per level.
                   A        B        C        D        E       F      G
               +--------+--------+--------+--------+--------+-----+--------+
         Total |  14524 |  14014 |    510 |   4294 |   7673 |  12 | 1210.3 |
       Dungeon |  14524 |  14014 |    510 |   4294 |   7673 |  12 | 1210.3 |
               +--------+--------+--------+--------+--------+-----+--------+

Top non-repeatable levels by time:
    D:11: 1632 daAuts
     D:8: 1628 daAuts
     D:7: 1543 daAuts
     D:9: 1436 daAuts
     D:5: 1295 daAuts
    D:10: 1265 daAuts
     D:4: 1215 daAuts
     D:2: 1187 daAuts
     D:1: 1161 daAuts
     D:3: 1101 daAuts
     D:6: 1015 daAuts
    D:12: 40 daAuts
